 Dungeon Crawl Stone Soup version 0.31-a0-237-g2d982f9f85 (webtiles) character file.

Game seed: 4926084985368294604

6087 cforsyth the Grappler (level 10, -3/105 HPs)
             Began as an Ogre Transmuter on July 11, 2023.
             Was a Follower of Hepliaklqana.
             Slain by a gnoll sergeant
             ... wielding a +0 halberd
              (13 damage)
             ... in a bailey.
             The game lasted 00:16:09 (8620 turns).

cforsyth the Grappler (Ogre Transmuter)             Turns: 8620, Time: 00:16:09

Health: -3/105     AC: 10    Str: 16    XL:     10   Next: 88%
Magic:  8/13       EV:  5    Int: 18    God:    Hepliaklqana [*.....]
Gold:   406        SH:  0    Dex:  9    Spells: 3/13 levels left

rFire   x .          .
                       - Unarmed
rCold   + + +        (shield currently unavailable)
rNeg    . . .        a - melded +0 robe
rPois   +            (helmet currently unavailable)
rElec   .            (cloak currently unavailable)
rCorr   .            (gloves unavailable)
SInv    .            (boots unavailable)
Will    +....        (no amulet)
Stlth   +            c - ring of wizardry
HPRegen 0.37/turn    r - +4 ring of protection
MPRegen 0.13/turn

%: wizardry (x1)
@: ice-form, held, studying Ranged Weapons
A: freezing attack, amphibious, boosted hp, reduced essence, large, unfitting
armour, (tough skin 1)
a: End Transformation, Renounce Religion, Recall Ancestor, Ancestor Identity


You were in a bailey.
You worshipped Hepliaklqana.
Hepliaklqana was aware of your devotion.
You were a creature of crystalline ice.
You visited 2 branches of the dungeon, and saw 9 of its levels.
You also visited: Bailey.

You collected 406 gold pieces.

Inventory:

Armour
 a - a +0 robe (melded)
 v - +0 fire dragon scales
Jewellery
 c - a ring of wizardry (left front paw)
 m - a ring of flight
 r - a +4 ring of protection (right front paw)
Wands
 u - a wand of polymorph (6)
 z - a wand of light (6)
Scrolls
 d - 2 scrolls of amnesia {unknown}
 e - 6 scrolls of teleportation {unknown}
 f - a scroll of vulnerability {unknown}
 i - 2 scrolls of poison {unknown}
 j - 3 scrolls of torment {unknown}
 q - 6 scrolls of enchant weapon {unknown}
Potions
 b - 4 potions of curing
 g - 2 potions of brilliance
 k - 2 potions of invisibility
 l - 3 potions of cancellation
 n - 3 potions of attraction
 o - 2 potions of ambrosia
 s - a potion of berserk rage
 t - a potion of might
 w - a potion of enlightenment {unknown}
 x - a potion of mutation {unknown}


   Skills:
 + Level 5.8 Fighting
 + Level 4.4 Dodging
 * Level 12.4 Unarmed Combat
 - Level 2.4 Spellcasting
 * Level 6.2 Transmutations


You had 3 spell levels left.
You knew the following spells:

 Your Spells              Type           Power      Damage    Failure   Level
a - Beastly Appendage     Tmut           48%        N/A       1%          1
b - Wereblood             Tmut           24%        N/A       1%          2
c - Spider Form           Tmut/Pois      13%        N/A       6%          3
d - Ice Form              Ice/Tmut       13%        N/A       19%         4

Your spell library contained the following spells:

 Spells                   Type           Power      Damage    Failure   Level
 Summon Small Mammal      Summ           8%         N/A       7%          1
 Call Canine Familiar     Summ           2%         N/A       21%         3
 Hailstorm                Conj/Ice       2%         3d3       21%         3
 Summon Guardian Golem    Hex/Summ       2%         N/A       21%         3
 Simulacrum               Ice/Necr       1%         N/A       100%        6


Dungeon Overview and Level Annotations

Branches:
Dungeon (8/15)             Temple (1/1) D:5          Bailey (1/1)
   Lair: D:8-11

Altars:
Ashenzari
Dithmenos
Elyvilon
Hepliaklqana
Kikubaaqudgha
Makhleb
Nemelex Xobeh
Okawaru
Qazlal
Ru
Sif Muna
Trog
Uskayaw
Vehumet
Wu Jian

Shops:
D:4 =[

Annotations:
D:7 3 runed translucent doors, NightmareEGirl's ghost, novice DrBe


Innate Abilities, Weirdness & Mutations

You are a creature of crystalline ice.
You have a powerful freezing melee attack.
You are amphibious.
Your maximum health is increased.
Your armour is entirely melded.
You are incapable of wielding weapons or throwing items.
Your life essence is reduced to manifest your ancestor. (-10% HP)
You are too large for most types of armour.
((You have tough skin. (AC +1)))


Message History

Wolf hits the gnoll sergeant but does no damage.
The gnoll bouda hits you from afar with a +0 trident.
* * * LOW HITPOINT WARNING * * *
The gnoll sergeant hits Wolf with a +0 halberd!
Unknown command.
You struggle against the net.
The gnoll hits Wolf with a +0 spear!
Wolf is destroyed!
The gnoll bouda hits you but does no damage.
The gnoll sergeant hits you from afar with a +0 glaive.
* * * LOW HITPOINT WARNING * * *
Unknown command.
You struggle against the net.
The gnoll bouda hits you from afar with a +0 trident.
* * * LOW HITPOINT WARNING * * *
The gnoll sergeant hits you from afar with a +0 glaive!
* * * LOW HITPOINT WARNING * * *
You feel much better.
The gnoll bouda hits you from afar with a +0 trident.
The gnoll sergeant barely misses you.
Unknown command.
Aiming: Bolt of Light
Press: ? - help, Shift-Dir - straight line, f - gnoll
Aim: a gnoll, wielding a +0 spear and wearing a +0 chain mail (covering ground quickly, 83% to hit)
The bolt of light misses the gnoll sergeant.
The bolt of light hits the gnoll!
The gnoll is heavily wounded.
The gnoll is blinded.
Your attacks no longer feel as feeble.
The gnoll sergeant barely misses you. The gnoll bouda barely misses you.
The gnoll sergeant hits you from afar with a +0 glaive!
* * * LOW HITPOINT WARNING * * *
You struggle against the net.
The gnoll sergeant hits you but does no damage.
The gnoll bouda hits you from afar with a +0 trident!
* * * LOW HITPOINT WARNING * * *
The gnoll sergeant hits you from afar with a +0 glaive!
* * * LOW HITPOINT WARNING * * *
You struggle against the net.
The gnoll sergeant hits you from afar with a +0 halberd!
You die...

#######...≈≈♣♣ ###..≈.♣
#..≈.♣♣ #..≈..♣ ####
#..≈..♣ ##...# #..≈..♣♣
##.....######..≈...♣♣
#...$.g.#..)'..)....♣♣♣#
+...8gg.Y...'...)..∩..∩#
#.....g)#...'.......♣♣♣#
##.....######..≈...♣♣
##...# #..≈...♣ ####
#..≈...♣ #..≈..♣♣
#..≈.♣♣ ###..≈.♣
########...≈≈♣♣


You could see 2 gnoll sergeants, a gnoll bouda and a gnoll (swift, blind).

Vanquished Creatures
  2 two-headed ogres
  Pikel (D:4)
  Prince Ribbit (D:7)
  A wyvern (D:5)
  A vampire (D:6)
  Menkaure (D:5)
  Edmund (D:5)
  2 water moccasins
  2 orc warriors (D:6)
  A sky beast (D:6)
  5 black bears
  3 ogres
  3 lemures (D:5)
  A centaur (D:5)
  A phantom (D:4)
  A kobold brigand (D:7)
  2 bullfrogs (D:7)
  2 gnoll sergeants
  4 scorpions
  2 necrophages (D:4)
  7 wights
  A howler monkey (D:3)
  A centaur zombie (D:4)
  7 hounds
  3 jellies
  6 orc priests
  A human zombie (D:4)
  A gnoll bouda (D:8)
  Terence (D:3)
  2 iguanas
  2 sleepcaps
  9 orc wizards
  2 scorpion zombies (D:4)
  A mummy (D:4)
  17 gnolls
  5 adders
  A shadow imp (D:5)
  2 white imps
  4 ufetubi
  An adder zombie (D:4)
  2 worms
  A dart slug (D:3)
  28 orcs
  8 bats
  6 endoplasms
  7 giant cockroaches
  5 goblins
  4 hobgoblins
  8 jackals
  3 quokkas
  12 ball pythons
  8 frilled lizards
  7 kobolds
  A rat (D:1)
211 creatures vanquished.

Vanquished Creatures (others)
  An ancestor (Bailey)
1 creature vanquished.

Grand Total: 212 creatures vanquished

Notes
Turn   | Place    | Note
-------+----------+-------------------------------------------
     0 | D:1      | cforsyth the Ogre Transmuter began the quest for the Orb.
     0 | D:1      | Reached XP level 1. HP: 19/19 MP: 3/3
   100 | D:1      | Reached skill level 3 in Unarmed Combat
   151 | D:1      | Reached XP level 2. HP: 27/27 MP: 3/5
   459 | D:1      | Reached XP level 3. HP: 33/33 MP: 4/6
   963 | D:2      | Reached skill level 4 in Unarmed Combat
  1148 | D:2      | Reached XP level 4. HP: 21/41 MP: 7/7
  1152 | D:2      | HP: 3/61 [orc wizard/puff of flame (8)]
  1389 | D:2      | Reached skill level 5 in Unarmed Combat
  1389 | D:2      | Reached XP level 5. HP: 48/48 MP: 6/8
  2214 | D:3      | Found a broken altar of Ashenzari.
  2444 | D:3      | Learned a level 2 spell: Wereblood
  2448 | D:3      | Learned a level 3 spell: Spider Form
  2465 | D:3      | Noticed Terence
  2473 | D:3      | Killed Terence
  2474 | D:3      | Reached skill level 6 in Unarmed Combat
  2474 | D:3      | Reached XP level 6. HP: 55/55 MP: 5/9
  3383 | D:4      | Reached skill level 7 in Unarmed Combat
  3383 | D:4      | Reached XP level 7. HP: 46/62 MP: 8/10
  3607 | D:4      | Found Moryoh's Armour Shoppe.
  3910 | D:4      | Reached skill level 8 in Unarmed Combat
  4404 | D:4      | Reached XP level 8. HP: 58/70 MP: 11/11
  4657 | D:4      | Reached skill level 9 in Unarmed Combat
  4683 | D:4      | Found an ancient bone altar of Kikubaaqudgha.
  4849 | D:4      | Found Giyschag's Jewellery Boutique.
  4929 | D:5      | Entered Level 5 of the Dungeon
  4933 | D:5      | Found an ornate altar of the Wu Jian Council.
  4955 | D:5      | Found a white marble altar of Elyvilon.
  4974 | D:5      | Found a shadowy altar of Dithmenos.
  5108 | D:5      | Reached skill level 10 in Unarmed Combat
  5183 | D:5      | Noticed Pikel
  5240 | D:4      | Killed Pikel
  5241 | D:4      | Reached XP level 9. HP: 61/76 MP: 8/12
  5294 | D:5      | Reached skill level 11 in Unarmed Combat
  5697 | D:5      | Found a staircase to the Ecumenical Temple.
  5697 | D:5      | Noticed Menkaure
  5704 | D:5      | Killed Menkaure
  5709 | Temple   | Entered the Ecumenical Temple
  5716 | Temple   | Became a worshipper of Hepliaklqana the Forgotten
  5836 | D:5      | Noticed a two-headed ogre
  6028 | D:5      | Killed a two-headed ogre
  6148 | D:5      | Learned a level 4 spell: Ice Form
  6191 | D:5      | Noticed Edmund
  6199 | D:5      | Killed Edmund
  6200 | D:5      | Reached XP level 10. HP: 92/92 MP: 8/13
  6264 | D:5      | Found a burning altar of Makhleb.
  6977 | D:6      | Identified the +0 plate armour "Toagoyff" {+Inv rElec rC-
                  | Int+3}
  7020 | D:6      | Noticed a two-headed ogre
  7026 | D:6      | Killed a two-headed ogre
  7027 | D:6      | Reached skill level 12 in Unarmed Combat
  7027 | D:6      | Reached skill level 5 in Transmutations
  7029 | D:6      | Reached skill level 5 in Fighting
  7918 | D:7      | Found a hide-covered altar of Uskayaw.
  7937 | D:7      | Reached * piety under Hepliaklqana
  7949 | D:7      | Noticed Prince Ribbit
  7964 | D:7      | Killed Prince Ribbit
  8042 | D:7      | Found a bloodstained altar of Trog.
  8292 | D:7      | Found a runed translucent gate.
  8292 | D:7      | Found a runed translucent gate.
  8292 | D:7      | Found a runed translucent gate.
  8293 | D:7      | Noticed NightmareEGirl's ghost (novice DrBe)
  8362 | D:8      | Found a flagged portal.
  8413 | Bailey   | Entered a bailey
  8620 | Bailey   | Slain by a gnoll sergeant

Illustrated notes

Levels and vault maps discovered:
D:1:      sevenhm_arrival_forest_fort_large_2, layout_loops_ring
D:2:      layout_loops_ring, corexii_hall_statues_s, minmay_domino_2
D:3:      layout_loops_ring, evilmike_ruin_ashenzari, uniq_terence
D:4:      layout_gridville, lemuel_mausoleum_altar_kikubaaqudgha,
          serial_demonic, serial_demonic_e, serial_demonic_b, serial_demonic_a,
          serial_demonic_f, serial_shops, shop, shop, minmay_increasing_density
D:5:      layout_rooms, chequers_temple_overflow_statue_of_worship,
          nicolae_overflow_crystal_walls, nicolae_dithmenos_the_darkroom,
          minmay_temple_entry_enclosed_plants, grunt_ministairs_2,
          amcnicky_mini_rare_corridor_liquid, nicolae_figureground_pulse,
          uniq_edmund, uniq_pikel, uniq_menkaure
D:6:      layout_loops_cross, hellmonk_bongcloud_opening, minmay_manual_mullet
D:7:      layout_basic, eat_drink_and_be_merry_uskayaw, amcnicky_altar_gilded,
          ebering_ghost_rock_garden, st_stairs_14, uniq_prince_ribbit1
D:8:      layout_loops_ring, tso_altar, nicolae_gozag_seed_capital,
          enter_bailey_6, hangedman_decor_lopped, kennysheep_generic_room_11
Temple:   nicolae_temple_ecumenical_triangle
Bailey:   bailey_polearm_gnolls_kennysheep, bailey

Skill      XL: |  1  2  3  4  5  6  7  8  9 10 |
---------------+-------------------------------+-----
Unarmed Combat | 3 4 5 6 7 8 10 11 12 | 12.4
Transmutations | 4 6 |  6.2
Dodging        | 3 4 |  4.4
Fighting       | 4 5 |  5.8
Spellcasting   | |  2.4

Action                     |  1- 3 |  4- 6 |  7- 9 | 10-12 || total
---------------------------+-------+-------+-------+-------++-------
  Melee: Unarmed           |   115 |   170 |   222 |   138 ||   645
         Kick              |    20 |    20 |    57 |     3 ||   100
         Headbutt          |     8 |    15 |    35 |     1 ||    59
         Punch             |       |       |    13 |       ||    13
   Cast: Beastly Appendage |    23 |    33 |    36 |     2 ||    94
         Spider Form       |       |     4 |     9 |     2 ||    15
         Ice Form          |       |       |     1 |    17 ||    18
  Evoke: Wand              |       |       |       |     1 ||     1
    Use: Potion            |     1 |       |       |     1 ||     2
         Scroll            |       |     5 |     2 |     5 ||    12
   Stab: Sleeping          |     1 |       |       |       ||     1
 Armour: Robe              |    45 |    53 |    43 |     2 ||   143
         Skin              |    24 |    11 |     4 |    54 ||    93
  Dodge: Dodged            |    72 |    90 |   108 |    66 ||   336

Table legend: (Time is in decaauts)
 A = Elapsed time spent in this place.
 B = Non-inter-level travel time spent in this place.
 C = Inter-level travel time spent in this place.
 D = Time resting spent in this place.
 E = Time spent auto-exploring this place.
 F = Levels seen in this place.
 G = Mean time per level.
                   A        B        C        D        E       F      G
               +--------+--------+--------+--------+--------+-----+--------+
         Total |   8525 |   8278 |    247 |   1177 |   5524 |  10 |  852.5 |
       Dungeon |   8306 |   8066 |    240 |   1047 |   5521 |   8 | 1038.2 |
        Temple |     14 |      7 |      7 |      0 |      0 |   1 |   14.0 |
        Bailey |    203 |    203 |      0 |    130 |      3 |   1 |  203.0 |
               +--------+--------+--------+--------+--------+-----+--------+

Top non-repeatable levels by time:
     D:4: 1886 daAuts
     D:6: 1419 daAuts
     D:5: 1270 daAuts
     D:3: 1208 daAuts
     D:2: 1010 daAuts
     D:1: 948 daAuts
     D:7: 472 daAuts
  Bailey: 203 daAuts
     D:8: 91 daAuts
  Temple: 14 daAuts
